 Dungeon Crawl Stone Soup version 0.31-a0-188-g5e087ee2ca (webtiles) character file.

Game seed: 14137060617109518178

5310 qw the Markself (level 10, -3/56 HPs)
             Began as a Deep Elf Hunter on June 22, 2023.
             Was a Believer of Okawaru.
             Slain by a killer bee (6 damage)
             ... on level 9 of the Dungeon.
             The game lasted 00:01:36 (6319 turns).

qw the Markself (Deep Elf Hunter)                   Turns: 6319, Time: 00:01:37

Health: -3/56      AC: 16    Str: 12    XL:     10   Next: 37%
Magic:  27/27      EV: 16    Int: 21    God:    Okawaru [**....]
Gold:   176        SH:  0    Dex: 18    Spells: 9/9 levels left

rFire   . . .        a - +27 heavy crossbow "Sniper" {heavy, Acc+∞ SInv}
rCold   . . .        (shield currently unavailable)
rNeg    . . .        e - +1 ring mail
rPois   .            l - +2 helmet {Int+3}
rElec   .            (no cloak)
rCorr   .            h - +0 pair of gloves of the Great Game {Contam Regen+ Int+3 SInv}
SInv    +            (no boots)
Will    +....        m
                       - Hermit's Pendant {Faith Invo=14 Evo=0 MP+5}
Stlth   +++          d - +4 ring of protection
HPRegen 1.09/turn    (no ring)
MPRegen 0.20/turn

%: faith
@: lethally poisoned (-3 -> -4), heroic
A: no striking features
a: Renounce Religion, Heroism


You were on level 9 of the Dungeon.
You worshipped Okawaru.
Okawaru was pleased with you.
You visited 2 branches of the dungeon, and saw 10 of its levels.

You collected 453 gold pieces.
You spent 277 gold pieces at shops.


   Skills:
 - Level 4.1(9.1) Fighting
 + Level 17.3(22.3) Ranged Weapons
 - Level 2.2(7.2) Armour
 - Level 6.0(11.0) Dodging
 - Level 1.2(6.2) Stealth
 - Level 4.0(14.0) Invocations


You had 9 spell levels left.
You didn't know any spells.
Your spell library was empty.

Inventory:

Hand Weapons
 a - the +27 heavy crossbow "Sniper" (weapon) {heavy, Acc+∞ SInv}
   (You acquired it on level 1 of the Dungeon)

   Acc+∞: It never misses its target.
   SInv:      It lets you see invisible.
Armour
 e - a +1 ring mail (worn)
 h - the +0 pair of gloves of the Great Game (worn) {Contam Regen+ Int+3 SInv}
   (You found it on level 4 of the Dungeon)

   Int:       It affects your intelligence (+3).
   SInv:      It lets you see invisible.
   Contam:    It causes magical contamination when unequipped.
   Regen:     It increases your rate of health regeneration.
 l - a +2 helmet of intelligence (worn)
 o - a +0 cloak
Jewellery
 c - a ring of see invisible
 d - a +4 ring of protection (left hand)
 i - an amulet of regeneration
 m - the Hermit's Pendant (around neck) {Faith Invo=14 Evo=0 MP+5}
   (You found it on level 7 of the Dungeon)

   [amulet of faith]

   Invo=14: It sets your Invocations skill to 14.
   Evo=0: It sets your Evocations skill to 0.
   It allows you to gain divine favour quickly.
   MP:        It affects your magic capacity (+5).
Scrolls
 b - 2 scrolls of identify
Potions
 f - 4 potions of curing
 g - 3 potions of haste
 j - 4 potions of might
 k - a potion of magic
 n - 2 potions of enlightenment
 p - 2 potions of resistance

Dungeon Overview and Level Annotations

Branches:
Dungeon (9/15)             Temple (1/1) D:4
   Lair: D:8-11         Orc: D:9-12

Altars:
Ashenzari
Cheibriados
Dithmenos
Elyvilon
Fedhas
Gozag
Hepliaklqana
Kikubaaqudgha
Makhleb
Nemelex Xobeh
Okawaru
Qazlal
Ru
Sif Muna
Trog
Uskayaw
Vehumet
Wu Jian
Xom
Yredelemnul
Zin
The Shining One

Shops:
D:3 :   D:6 =   D:7 *

Annotations:
D:5 1 runed translucent door, qw's ghost, amateur DEHu


Message History

Okawaru accepts your kill.
You feel very sick. The killer bee misses you. x2
The killer bee stings you but does no damage. x2
The killer bee stings you.
You are more poisoned.
The killer bee poisons you!
The killer bee stings you but does no damage.
The killer bee completely misses you. The killer bee closely misses you.
The killer bee misses you. The killer bee completely misses you.
The killer bee barely misses you. The killer bee misses you.
You shoot a bolt. The bolt hits the kobold brigand!!!
You kill the kobold brigand!
Okawaru accepts your kill.
You feel extremely sick.
The killer bee stings you but does no damage. x2
The killer bee misses you. The killer bee barely misses you.
The killer bee stings you but does no damage.
The killer bee closely misses you. The killer bee completely misses you.
The killer bee stings you but does no damage.
The killer bee completely misses you. The killer bee misses you. x2
The killer bee barely misses you. The kobold completely misses you.
The kobold hits you but does no damage.
The killer bee stings you but does no damage. x3
You shoot a bolt. The bolt hits the killer bee!!
You kill the killer bee!
Okawaru accepts your kill.
You feel very sick. The killer bee misses you.
The killer bee completely misses you. The killer bee closely misses you.
The killer bee misses you. The kobold hits you but does no damage.
The kobold closely misses you. The killer bee misses you.
The killer bee completely misses you.
The kobold hits you but does no damage. x2
The killer bee stings you but does no damage.
The killer bee barely misses you.
You shoot a bolt. The bolt hits the killer bee!!!
You kill the killer bee!
Okawaru accepts your kill.
You feel sick. The killer bee completely misses you. The killer bee stings you.
You die...

. . #........ .
#..........# .
#..........# #.#
. #..........#
#.# .
#..........# #.#
. # #K.........#
#.# .
#..###yK..%.....#
#.# .
#.....@KK.......#
#.# .
#...##.%........#
#.# # #.
#..###.....####.#
#..# #..........#
#..# #..........#
#..# #..........#
#..# #.....###..#
#..# #.....# #..#
#..# #.###.# #..#


You could see a killer bee and 4 kobolds.

Vanquished Creatures
  Erica (D:8)
  Pikel (D:5)
  Joseph (D:8)
  Psyche (D:8)
  Grinder (D:6)
  A hornet (D:9)
  Prince Ribbit (D:6)
  A slime creature (D:7)
  Sigmund (D:2)
  A wyvern (D:8)
  Eustachio (D:4)
  A steam dragon (D:7)
  Menkaure (D:6)
  Edmund (D:4)
  2 water moccasins
  An ice beast (D:6)
  A sky beast (D:6)
  A centaur (D:8)
  A lemure (D:5)
  4 kobold brigands
  Blork the orc (D:5)
  A bullfrog (D:8)
  2 scorpions (D:5)
  3 wights (D:8)
  7 killer bees (D:9)
  2 howler monkeys (D:8)
  A hound (D:6)
  A gnoll bouda (D:4)
  An orc priest (D:8)
  3 jellies
  4 iguanas
  Ijyb (D:4)
  3 orc wizards (D:8)
  9 gnolls
  4 adders
  5 shadow imps
  An ufetubus (D:6)
  2 dart slugs
  18 orcs
  5 endoplasms
  3 giant cockroaches
  2 goblins
  2 hobgoblins
  11 kobolds
  3 quokkas
  A bat (D:2)
  4 frilled lizards
  3 rats
127 creatures vanquished.

Notes
Turn   | Place    | Note
-------+----------+-------------------------------------------
     0 | D:1      | qw the Deep Elf Hunter began the quest for the Orb.
     0 | D:1      | Reached XP level 1. HP: 12/12 MP: 3/3
     0 | D:1      | 0 ||| qw: Version: 0.3-a-9-g12657ce
     0 | D:1      | 0 ||| qw: Game counter: 2991
     0 | D:1      | 0 ||| qw: Always use a shield: true
     0 | D:1      | 0 ||| qw: God list: Okawaru
     0 | D:1      | 0 ||| qw: Allow faded altars: false
     0 | D:1      | 0 ||| qw: Do Orc after D:15 true
     0 | D:1      | 0 ||| qw: Do second Lair branch before Depths: true
     0 | D:1      | 0 ||| qw: Lair rune preference: random
     0 | D:1      | 0 ||| qw: Plans: Normal
     0 | D:1      | 0 ||| PLANNING D:1-11
    28 | D:1      | Reached skill level 6 in Ranged Weapons
    28 | D:1      | Reached XP level 2. HP: 16/16 MP: 4/4
   444 | D:1      | 444 ||| UPGRADING to +0 ring mail.
   454 | D:1      | 454 ||| DROPPING +0 leather armour.
   455 | D:1      | 455 ||| UPGRADING to +4 ring of protection.
   456 | D:1      | 456 ||| READING scroll labelled SADAGEOW LIWN.
   457 | D:1      | 457 ||| READING scroll labelled YDIXURGH NUAVVU.
   457 | D:1      | Identified a scroll of acquirement
   457 | D:1      | 457 ||| ACQUIRING +27 heavy crossbow "Sniper" {heavy, Acc+∞
                  | SInv}
   457 | D:1      | Acquired the +27 heavy crossbow "Sniper" {heavy, Acc+∞
                  | SInv}
   457 | D:1      | Found the +27 heavy crossbow "Sniper" {heavy, Acc+∞ SInv}
   459 | D:1      | 459 ||| SWAPPING to +27 heavy crossbow "Sniper" {heavy,
                  | Acc+∞ SInv}.
   460 | D:1      | 460 ||| DROPPING +0 shortbow.
   461 | D:1      | 461 ||| DROPPING scroll of butterflies.
   723 | D:2      | Noticed Sigmund
   724 | D:2      | Killed Sigmund
   725 | D:2      | Reached skill level 8 in Ranged Weapons
   725 | D:2      | Reached XP level 3. HP: 20/20 MP: 5/5
   725 | D:2      | Reached XP level 4. HP: 25/25 MP: 6/6
   725 | D:2      | Reached XP level 5. HP: 29/29 MP: 7/7
   809 | D:2      | Reached skill level 9 in Ranged Weapons
  1177 | D:2      | 1177 ||| DROPPING +1 robe of willpower.
  1178 | D:2      | 1178 ||| READING scroll labelled JETHRIC IHONUM.
  1179 | D:2      | 1179 ||| DRINKING 2 inky potions.
  1180 | D:2      | 1180 ||| READING 2 scrolls of identify.
  1180 | D:2      | 1180 ||| IDENTIFYING puce potion
  1313 | D:3      | Identified the +7 chain mail "Lualamm" {Regen+ Str-3 Int-5
                  | Dex+6}
  1500 | D:3      | Found Tuejabb's Book Emporium.
  1781 | D:3      | 1781 ||| READING scroll labelled TEAXIL TYMAJAD.
  1782 | D:3      | 1782 ||| READING scroll labelled SOJAVE ZEIHU ABICY.
  1900 | D:4      | Identified the +3 hand axe of Nemelex Xobeh's Fury {freeze,
                  | rPois}
  1956 | D:4      | Noticed Ijyb
  1960 | D:4      | Killed Ijyb
  2024 | D:4      | Found a staircase to the Ecumenical Temple.
  2025 | D:4      | 2025 ||| PLANNING TEMPLE
  2031 | Temple   | Entered the Ecumenical Temple
  2175 | Temple   | 2175 ||| PLANNING D:1-11
  2194 | D:4      | Identified the +0 pair of gloves of the Great Game {Contam
                  | Regen+ Int+3 SInv}
  2230 | D:4      | Reached XP level 6. HP: 35/35 MP: 8/8
  2339 | D:4      | Noticed Eustachio
  2340 | D:4      | Killed Eustachio
  2341 | D:4      | Reached skill level 10 in Ranged Weapons
  2693 | D:4      | Noticed Edmund
  2694 | D:4      | Killed Edmund
  2695 | D:4      | Reached XP level 7. HP: 40/40 MP: 9/9
  2736 | D:4      | Found a stormy altar of Qazlal.
  2805 | D:4      | Found a hide-covered altar of Uskayaw.
  2805 | D:4      | Found a bloodstained altar of Trog.
  2805 | D:4      | Found an ornate altar of the Wu Jian Council.
  2831 | D:4      | 2831 ||| UPGRADING to +0 pair of gloves of the Great Game
                  | {Contam Regen+ Int+3 SInv}.
  2836 | D:4      | 2836 ||| READING scroll labelled WARRUJ ENNESO.
  2837 | D:4      | 2837 ||| DRINKING 2 fuming ruby potions.
  2838 | D:4      | 2838 ||| DRINKING 2 grey potions.
  2839 | D:4      | 2839 ||| DROPPING potion of brilliance.
  2858 | D:5      | Entered Level 5 of the Dungeon
  2927 | D:5      | Reached skill level 1 in Armour
  3269 | D:5      | Noticed Pikel
  3272 | D:5      | Killed Pikel
  3273 | D:5      | Reached skill level 12 in Ranged Weapons
  3273 | D:5      | Reached XP level 8. HP: 44/44 MP: 10/10
  3360 | D:5      | Identified the +4 rapier "Doeb" {venom, rElec rF+ rN++
                  | Str-4}
  3407 | D:5      | Noticed Blork the orc
  3408 | D:5      | Killed Blork the orc
  3413 | D:5      | Reached skill level 3 in Fighting
  3433 | D:5      | Found a runed translucent door.
  3489 | D:5      | Noticed qw's ghost (amateur DEHu)
  3527 | D:5      | 3527 ||| READING scroll labelled WOYNEL RAPABAD.
  3528 | D:5      | 3528 ||| READING scroll labelled BEUCSO POYSUSH.
  3668 | D:5      | 3668 ||| READING 2 scrolls of identify.
  3668 | D:5      | 3668 ||| IDENTIFYING fizzy puce potion
  3669 | D:5      | 3669 ||| DROPPING potion of ambrosia.
  3709 | D:6      | Found Ugolac's Jewellery Emporium.
  3721 | D:6      | 3721 ||| SHOPLISTING +5 ring of evasion (432 gold, have
                  | 271).
  3721 | D:6      | 3721 ||| SHOPLISTING +6 ring of strength (432 gold, have
                  | 271).
  3721 | D:6      | 3721 ||| SHOPLISTING amulet of reflection (360 gold, have
                  | 271).
  3721 | D:6      | 3721 ||| SHOPLISTING amulet of the acrobat (360 gold, have
                  | 271).
  3721 | D:6      | 3721 ||| SHOPLISTING ring "Kimer" {*Slow Will+ rCorr Dex+2}
                  | (374 gold, have 271).
  3721 | D:6      | 3721 ||| SHOPLISTING ring of Ceilago {Fly Slay+3 Stlth+}
                  | (478 gold, have 271).
  3721 | D:6      | 3721 ||| BUYING ring of see invisible (180 gold).
  3721 | D:6      | Bought a ring of see invisible for 180 gold pieces
  3726 | D:6      | Reached skill level 13 in Ranged Weapons
  3847 | D:6      | Noticed Prince Ribbit
  3848 | D:6      | Killed Prince Ribbit
  3849 | D:6      | Reached skill level 14 in Ranged Weapons
  3860 | D:6      | Noticed Menkaure
  3861 | D:6      | Killed Menkaure
  3862 | D:6      | Reached XP level 9. HP: 50/50 MP: 11/11
  4007 | D:6      | Noticed Grinder
  4008 | D:6      | Killed Grinder
  4173 | D:6      | 4173 ||| READING 2 scrolls labelled XOELOROSUM.
  4174 | D:6      | 4174 ||| DRINKING 2 fizzy silvery potions.
  4208 | D:6      | 4208 ||| DRINKING 2 sedimented golden potions.
  4209 | D:6      | 4209 ||| READING 3 scrolls of identify.
  4209 | D:6      | 4209 ||| IDENTIFYING pink potion
  4210 | D:6      | 4210 ||| READING 2 scrolls of identify.
  4210 | D:6      | 4210 ||| IDENTIFYING viscous clear potion
  4211 | D:6      | 4211 ||| DROPPING potion of lignification.
  4212 | D:6      | 4212 ||| DROPPING potion of magic.
  4213 | D:6      | 4213 ||| DROPPING potion of degeneration.
  4214 | D:6      | 4214 ||| DROPPING potion of attraction.
  4215 | D:6      | 4215 ||| DROPPING scroll of fog.
  4244 | D:7      | Found Koseamip's General Store.
  4249 | D:7      | Reached skill level 15 in Ranged Weapons
  4257 | D:7      | 4257 ||| BUYING scroll of enchant armour (97 gold).
  4257 | D:7      | Bought a scroll of enchant armour for 97 gold pieces
  4257 | D:7      | 4257 ||| READING scroll of enchant armour.
  4257 | D:7      | 4257 ||| ENCHANTING +0 ring mail.
  4296 | D:7      | Found an iron altar of Okawaru.
  4297 | D:7      | 4297 ||| PLANNING OKAWARU WORSHIP
  4297 | D:7      | 4297 ||| READING 2 scrolls of identify.
  4297 | D:7      | 4297 ||| IDENTIFYING lumpy orange potion
  4305 | D:7      | Became a worshipper of Warmaster Okawaru
  4306 | D:7      | 4306 ||| PLANNING D:1-11
  4306 | D:7      | Identified the +2 hand axe of the Harvest {protect, rPois
                  | Str+5}
  4662 | D:7      | Found a faded altar of an unknown god.
  4662 | D:7      | Found the Hermit's Pendant {Faith Invo=14 Evo=0 MP+5}
  5076 | D:7      | 5076 ||| UPGRADING to amulet of regeneration.
  5081 | D:7      | 5081 ||| UPGRADING to Hermit's Pendant {Faith Invo=14 Evo=0
                  | MP+5}.
  5166 | D:7      | 5166 ||| DROPPING ring of flight.
  5167 | D:7      | 5167 ||| READING scroll labelled BIMEATEENY.
  5168 | D:7      | 5168 ||| READING 3 scrolls of identify.
  5168 | D:7      | 5168 ||| IDENTIFYING viscous grey potion
  5231 | D:8      | Noticed Erica
  5232 | D:8      | Killed Erica
  5232 | D:8      | Reached * piety under Okawaru
  5233 | D:8      | Reached skill level 16 in Ranged Weapons
  5266 | D:8      | 5266 ||| INVOKING Heroism.
  5286 | D:8      | Noticed Psyche
  5287 | D:8      | 5287 ||| INVOKING Heroism.
  5288 | D:8      | Killed Psyche
  5289 | D:8      | Reached skill level 6 in Dodging
  5289 | D:8      | Reached XP level 10. HP: 56/56 MP: 22/22
  5364 | D:8      | 5364 ||| READING scroll of acquirement.
  5364 | D:8      | 5364 ||| ACQUIRING +1 helmet of intelligence
  5364 | D:8      | Acquired a +1 helmet of intelligence
  5366 | D:8      | 5366 ||| UPGRADING to +1 helmet of intelligence.
  5455 | D:8      | Noticed Joseph
  5458 | D:8      | 5458 ||| INVOKING Heroism.
  5458 | D:8      | HP: 6/56 [Joseph/sling bullet (19)]
  5459 | D:8      | Killed Joseph
  5459 | D:8      | Reached ** piety under Okawaru
  5460 | D:8      | Reached skill level 3 in Invocations
  5725 | D:8      | 5725 ||| READING scroll of enchant armour.
  5725 | D:8      | 5725 ||| ENCHANTING +1 helmet of intelligence.
  5994 | D:8      | Found a shadowy altar of Dithmenos.
  6074 | D:8      | 6074 ||| DROPPING amulet of faith.
  6296 | D:9      | Reached skill level 17 in Ranged Weapons
  6313 | D:9      | 6313 ||| INVOKING Heroism.
  6315 | D:9      | HP: 14/56 [poisoned by a killer bee]
  6317 | D:9      | HP: 5/56 [poisoned by a killer bee]
  6318 | D:9      | HP: 2/56 [poisoned by a killer bee]
  6319 | D:9      | Slain by a killer bee

Levels and vault maps discovered:
D:1:      dpeg_arrival_court, layout_rooms
D:2:      layout_loops_corners, uniq_sigmund
D:3:      layout_basic, serial_shops, shop, grunt_decor_one_mirror,
          kennysheep_crisscross
D:4:      layout_cave_pods, lemuel_coloured_pillars_altar,
          gammafunk_temple_overflow_claw, minmay_temple_entry_junction_2,
          uniq_ijyb, uniq_eustachio, uniq_edmund
D:5:      layout_basic, ebering_ghost_sewer_d, uniq_blork_the_orc, uniq_pikel
D:6:      layout_cave_pools, serial_shops, nicolae_shop_hallway_plus,
          uniq_menkaure, uniq_grinder, uniq_prince_ribbit1
D:7:      layout_basic, okawaru_ov_weapons_minmay, serial_aquarium,
          aquarium_bridge_square [aquarium_subvault_bridge,
          aquarium_subvault_wall, aquarium_subvault_window,
          aquarium_subvault_bridge], aquarium_window_fake, aquarium_window_fake,
          aquarium_window_3, aquarium_window_2, aquarium_view_2d,
          aquarium_view_2f, aquarium_pool_four, serial_shops, shop,
          hellmonk_guarded_unrand_hermit
D:8:      layout_gridville, mainiacjoe_overflow_cross_hatched,
          kennysheep_generic_room_3, uniq_joseph, uniq_erica, uniq_psyche
D:9:      layout_long_grid, lair_entry_dummy
Temple:   eino_temple_scatter_basement

Skill      XL: |  1  2  3  4  5  6  7  8  9 10 |
---------------+-------------------------------+-----
Ranged Weapons | 6 8 9 10 12 14 16 17 | 17.3
Fighting       | 2 3 4 |  4.1
Dodging        | 4 6 |  6.0
Armour         | 1 2 |  2.2
Invocations    | 2 4 |  4.0
Stealth        | |  1.2

Action                     |  1- 3 |  4- 6 |  7- 9 | 10-12 || total
---------------------------+-------+-------+-------+-------++-------
   Fire: Shortbow          |    24 |       |       |       ||    24
         Heavy crossbow    |     4 |    35 |    58 |    33 ||   130
 Invoke: Heroism           |       |       |     2 |     2 ||     4
    Use: Scroll            |     2 |     4 |    11 |     2 ||    19
         Potion            |       |     1 |     4 |       ||     5
 Armour: Ring mail         |       |     4 |     2 |    38 ||    44
  Dodge: Dodged            |     2 |     5 |     5 |    94 ||   106

Table legend:
 A = Non-vault XP
 B = Vault XP
 C = Vault XP percentage of total XP
 D = Non-vault monster count
 E = Vault monster count
 F = Vault count percentage of total count
                 A         B        C        D         E       F
            +---------+---------+-------+---------+---------+-------
      Total |    3366 |    4281 |  56.0 |     112 |      14 |  11.1
            +---------+---------+-------+---------+---------+-------
        D:1 |      30 |       0 |   0.0 |      10 |       0 |   0.0
        D:2 |      35 |     231 |  86.8 |      13 |       1 |   7.1
        D:3 |      31 |       0 |   0.0 |       9 |       0 |   0.0
        D:4 |     134 |     388 |  74.3 |      10 |       3 |  23.1
        D:5 |     283 |     762 |  72.9 |      14 |       2 |  12.5
        D:6 |     691 |     728 |  51.3 |      13 |       3 |  18.8
        D:7 |     472 |     239 |  33.6 |      13 |       1 |   7.1
        D:8 |     898 |    1933 |  68.3 |      21 |       4 |  16.0
        D:9 |     792 |       0 |   0.0 |       9 |       0 |   0.0
            +---------+---------+-------+---------+---------+-------
